 Dungeon Crawl Stone Soup version 0.28.0 (webtiles) character file.

Game seed: 9418700791260749045

8 AmazingTV the Sneak (level 2, 0/15 HPs)
             Began as a Spriggan Brigand on June 30, 2022.
             Slain by a kobold (3 damage)
             ... on level 1 of the Dungeon.
             The game lasted 00:01:51 (175 turns).

AmazingTV the Sneak (Spriggan Brigand)               Turns: 175, Time: 00:01:52

Health: 0/15       AC:  3    Str:  7    XL:     2   Next: 0%
Magic:  3/3        EV: 16    Int: 12    God:
Gold:   20         SH:  0    Dex: 16    Spells: 1/1 levels left

rFire   . . .      SeeInvis +   a - +2 dagger {short}
rCold   . . .      Faith    .   (no shield)
rNeg    . . .      Spirit   .   b - +0 robe
rPois   .          Reflect  .   (helmet restricted)
rElec   .          Harm     .   c - +0 cloak
rCorr   .          Rampage  .   (gloves unavailable)
Will    .....                   (boots unavailable)
Stlth   +++.......              (no amulet)
HPRegen 0.05/turn               (no ring)
MPRegen 0.08/turn               (no ring)

@: very quick
A: very small, no large weapons, unfitting armour, see invisible, speed 3
a: no special abilities


You were on level 1 of the Dungeon.
You visited 1 branch of the dungeon, and saw 1 of its levels.

You collected 20 gold pieces.


Innate Abilities, Weirdness & Mutations

You are very small and have problems with some larger weapons.
You are too small for most types of armour.
You have supernaturally acute eyesight. (SInv)
You cover ground extremely quickly. (Speed+++)


   Skills:
 + Level 1.6 Fighting
 + Level 2.3 Short Blades
 + Level 0.4(1.7) Slings
 + Level 2.1(2.2) Throwing
 + Level 1.6 Dodging
 + Level 6.0 Stealth


You had one spell level left.
You didn't know any spells.
Your spell library was empty.

Inventory:

Hand Weapons
 a - a +2 dagger (weapon) {short}
Missiles
 d - 6 poisoned darts (quivered)
 e - 2 curare-tipped darts {=f}
 f - 22 arrows
Armour
 b - a +0 robe (worn)
 c - a +0 cloak (worn)
Scrolls
 g - 3 scrolls of identify {unknown}
 h - a scroll of torment {unknown}

Dungeon Overview and Level Annotations

Branches:
Dungeon (1/15)

Altars:

......# #.##.# ......##
#########.##.# ..r.....
..........##.#
r###############.......#
r..S..K..K.....'.......#
.###############.......#
.# #...[...# .#
#†K.....# .#
#########@......# l#
#...........>...# ..
#.......).......# ..
#...............#
#.........#######
#.........# #.........#
#..(......# #.........#


You could see a kobold (poisoned).


Message History

You kill the hobgoblin!
You open the door.
A rat comes into view.
There is an open door here.
The rat closely misses you.
You barely miss the rat. The rat misses you.
You hit the rat.
You kill the rat!
A kobold comes into view. It is wielding a +0 club.
A bat and a frilled lizard come into view.
A quokka, a ball python, a bat, an endoplasm and a goblin come into view.
The goblin shouts!
The endoplasm quivers.
A quokka comes into view.
You completely miss the endoplasm.
The endoplasm hits you but does no damage.
The kobold shouts!
You hit the endoplasm.
You hear a shout!
The endoplasm closely misses you.
The ball python hisses angrily.
You hit the endoplasm.
You kill the endoplasm!
You barely miss the bat. The bat closely misses you.
The bat hits you but does no damage.
You hit the bat. The bat closely misses you.
A rat comes into view.
You hit the quokka. The quokka barely misses you.
You closely miss the quokka.
The quokka bites you but does no damage.
You barely miss the quokka. The quokka closely misses you.
You miss the quokka. The quokka bites you. 😮 HP[-3]
You take 3 damage, and now have 7/10 hp.
MASSIVE DAMAGE!! (PAUSE)
You closely miss the quokka. The quokka bites you.
* * * LOW HITPOINT WARNING * * *
😨 HP[-2]
You take 2 damage, and now have 5/10 hp.
You are too injured to fight recklessly!
Throw: 8 darts (poison)
Press: ? - help, Q - select action, (/) - cycle Shift-Dir - straight line, f - quokka
Aim: a quokka (50% to hit)
You throw a poisoned dart. The poisoned dart hits the quokka.
The quokka is poisoned.
The quokka misses you.
The quokka twitches its whiskers.
You kill the quokka!
The bat barely misses you.
There is an open door here.
The bat closely misses you.
There is an open door here.
The bat completely misses you. The bat hits you but does no damage.
The bat misses you. 😮 HP[+1]
You hit the bat.
You kill the bat!
You now have 11 max hp (+1).
You start resting.
A kobold is nearby!
Unknown command.
A kobold is nearby!
The kobold throws a stone.
The stone misses you.
You hit the ball python. The ball python barely misses you.
The ball python grabs you. The ball python constricts you.
* * * LOW HITPOINT WARNING * * *
😨 HP[-1]
You take 1 damage, and now have 5/11 hp.
You hit the ball python.
You kill the ball python!
The kobold hits you but does no damage.
Your Stealth skill increases to level 6!
You have reached level 2! 😮 HP[+3] MP[+1]
You now have 15 max hp (+4).
You regained 3 hp, and now have 8/15 hp.
Your mp is fully restored (3).
You hit the kobold. The kobold barely misses you.
You barely miss the kobold. The kobold barely misses you.
You miss the kobold. The kobold barely misses you.
You barely miss the kobold.
The kobold throws a stone.
The stone closely misses you. The kobold hits you with a +0 club.
* * * LOW HITPOINT WARNING * * *
😨 HP[-2]
You take 2 damage, and now have 6/15 hp.
The kobold hits you with a +0 club.
* * * LOW HITPOINT WARNING * * *
😱 HP[-3]
You take 3 damage, and now have 3/15 hp.
You barely miss the kobold. The kobold closely misses you.
Throw: 7 darts (poison)
Press: ? - help, Q - select action, (/) - cycle Shift-Dir - straight line, f - kobold
Aim: a kobold, wielding a +0 club and quivering stones (moderately wounded, 53% to hit)
You throw a poisoned dart. The poisoned dart hits the kobold.
The kobold is poisoned.
The kobold misses you.
You closely miss the kobold. The kobold hits you with a +0 club.
You die...

Skill      XL: |  1 |
---------------+----+-----
Stealth        | 6 |  6.0
Fighting       | |  1.6
Short Blades   | |  2.3
Slings         | |  0.4
Throwing       | |  2.1
Dodging        | |  1.6

Action                   || total
-------------------------++-------
Melee: Dagger            ||    26
Throw: Dart              ||     2
 Stab: Sleeping          ||     1
Armor: Robe              ||     5
Dodge: Dodged            ||    23

Levels and vault maps discovered:
D:1:      ncdulo_watergridlock, layout_basic, ebering_ecumenical_altar_abandoned

Notes
Turn   | Place    | Note
-------+----------+-------------------------------------------
     0 | D:1      | AmazingTV the Spriggan Brigand began the quest for the Orb.
     0 | D:1      | Reached XP level 1. HP: 10/10 MP: 2/2
     0 | D:1      | magus.rc [v1.9.6]
   165 | D:1      | Reached skill level 6 in Stealth
   165 | D:1      | Reached XP level 2. HP: 8/15 MP: 3/3
   172 | D:1      | HP: 3/15 [kobold (3)]
   175 | D:1      | Slain by a kobold

Vanquished Creatures
  A ball python (D:1)
  A bat (D:1)
  An endoplasm (D:1)
  A hobgoblin (D:1)
  A quokka (D:1)
  A goblin (D:1)
  A rat (D:1)
7 creatures vanquished.

Table legend:
 A = Non-vault XP
 B = Vault XP
 C = Vault XP percentage of total XP
 D = Non-vault monster count
 E = Vault monster count
 F = Vault count percentage of total count
                 A         B        C        D         E       F
            +---------+---------+-------+---------+---------+-------
      Total |      12 |       0 |   0.0 |       7 |       0 |   0.0
            +---------+---------+-------+---------+---------+-------
        D:1 |      12 |       0 |   0.0 |       7 |       0 |   0.0
            +---------+---------+-------+---------+---------+-------

Illustrated notes

Table legend:
 A = Kills in this place as a percentage of kills in entire the game.
 B = Kills by you in this place as a percentage of kills by you in the entire game.
 C = Kills by friends in this place as a percentage of kills by friends in the entire game.
 D = Other kills in this place as a percentage of other kills in the entire game.
 E = Experience gained in this place as a percentage of experience gained in the entire game.
 F = Experience gained in this place divided by the number of levels of this place that you have seen.
                   A       B       C       D       E      F
               +-------+-------+-------+-------+-------+----------------------
         Total | 100.0 | 100.0 |   N/A |   N/A | 100.0 |  12.0
       Dungeon | 100.0 | 100.0 |   N/A |   N/A | 100.0 |  12.0
               +-------+-------+-------+-------+-------+----------------------

Table legend: (Time is in decaauts)
 A = Elapsed time spent in this place.
 B = Non-inter-level travel time spent in this place.
 C = Inter-level travel time spent in this place.
 D = Time resting spent in this place.
 E = Time spent auto-exploring this place.
 F = Levels seen in this place.
 G = Mean time per level.
                   A        B        C        D        E       F      G
               +--------+--------+--------+--------+--------+-----+--------+
         Total |    117 |    117 |      0 |      4 |     54 |   1 |  117.0 |
       Dungeon |    117 |    117 |      0 |      4 |     54 |   1 |  117.0 |
               +--------+--------+--------+--------+--------+-----+--------+

Top non-repeatable levels by time:
     D:1: 117 daAuts
